 Dungeon Crawl Stone Soup version 0.29.1-12-g30fa7ad0bf (webtiles) character file.

Game seed: 9316921093177431493

188 xian the Insei (level 5, -1/37 HPs)
             Began as a Demonspawn Transmuter on Jan 18, 2023.
             Killed by divine providence
             ... invoked by an orc priest
              (14 damage)
             ... on level 4 of the Dungeon.
             The game lasted 00:06:38 (2202 turns).

xian the Insei (Demonspawn Transmuter)              Turns: 2202, Time: 00:06:39

Health: -1/37      AC: 10    Str: 12    XL:     5   Next: 39%
Magic:  9/9        EV: 17    Int: 14    God:
Gold:   118        SH:  4    Dex: 14    Spells: 6/9 levels left

rFire   . . .      SeeInvis .     - Unarmed
rCold   . . .      Faith    .   (no shield)
rNeg    . . .      Spirit   .   a - +0 robe
rPois   .          Reflect  .   (helmet currently unavailable)
rElec   .          Harm     +   r - scarf {harm}
rCorr   .          Rampage  .   (no gloves)
Will    .....                   (boots currently unavailable)
Stlth   ++........              u - amulet of the acrobat
HPRegen 0.12/turn               e - +4 ring of protection
MPRegen 0.11/turn               g - +4 ring of protection

@: agile, appendages, wereblooded
A: horns 2, talons 2, large bone plates 1, powered by pain 1
a: End Transformation


You were on level 4 of the Dungeon.
You had temporarily grown beastly horns and talons.
You visited 1 branch of the dungeon, and saw 5 of its levels.

You collected 118 gold pieces.

Inventory:

Armour
 a - a +0 robe (worn)
 r - a scarf of harm (worn)
 t - a +1 chain mail of willpower
Jewellery
 e - a +4 ring of protection (left hand)
 g - a +4 ring of protection (right hand)
 p - a ring of fire
 u - an amulet of the acrobat (around neck)
Scrolls
 d - a scroll of brand weapon {unknown}
 j - 3 scrolls of fog {unknown}
 k - a scroll of poison {unknown}
 n - 2 scrolls of teleportation {unknown}
 o - a scroll of enchant weapon {unknown}
 q - a scroll of immolation {unknown}
 s - a scroll of blinking {unknown}
Potions
 b - 2 potions of lignification
 c - a potion of resistance {unknown}
 f - 2 potions of magic {unknown}
 h - a potion of curing {unknown}
 i - 2 potions of mutation {unknown}
 l - a potion of attraction {unknown}
 m - a potion of haste {unknown}
 v - a potion of degeneration {unknown}


   Skills:
 + Level 1.1 Fighting
 + Level 2.4 Dodging
 + Level 0.9 Stealth
 + Level 0.4 Shields
 + Level 3.8 Unarmed Combat
 + Level 2.9 Spellcasting
 + Level 3.0 Transmutations


You had 6 spell levels left.
You knew the following spells:

 Your Spells              Type           Power      Damage    Failure   Level
a - Beastly Appendage     Tmut           20%        N/A       6%          1
b - Wereblood             Tmut           10%        N/A       10%         2

Your spell library contained the following spells:

 Spells                   Type           Power      Damage    Failure   Level
 Spider Form              Tmut/Pois      6%         N/A       34%         3
 Ice Form                 Ice/Tmut       6%         N/A       75%         4


Dungeon Overview and Level Annotations

Branches:
Dungeon (5/15)
 Temple: D:4-7

Altars:


Innate Abilities, Weirdness & Mutations

You have temporarily grown beastly horns and talons.
You are partially covered in large bone plates. (SH +4)
You sometimes gain a little power by taking damage.


Message History

You climb upwards.
Found a stone staircase leading up.
There is a stone staircase leading down here.
You grow a pair of large bovine horns.
Your feet morph into talons.
Your attacks no longer feel as feeble.
You hit the hobgoblin.
You kill the hobgoblin! 2 orcs and 2 orc priests come into view.
The orc priest shouts! x2; The orc shouts!
The orc priest calls down the wrath of Beogh upon you.
Beogh smites you!
You focus on the pain.
You feel agile all of a sudden.
The orc priest miscasts a cantrip.
Casting: Beastly Appendage (safe; 6% risk of failure)
Confirm with . or Enter, or press ? or * to list all spells.
Your blood is infused with primal strength.
The orc priest hits you but does no damage.
You extend your transformation's duration.
You hit the orc. You headbutt the orc.
You feel a bit better.
You kill the orc!
You howl as the wereblood boils in your veins!
The orc priest closely misses you. The orc completely misses you.
The orc priest closely misses you.
You see here a +0 flail.
You closely miss the orc. Your kick misses the orc. You headbutt the orc.
The orc is severely wounded.
The orc priest calls upon Beogh to heal the orc.
The orc is healed somewhat.
The orc completely misses you.
The orc priest mumbles some strange prayers to Beogh against you.
Beogh smites you!
* * * LOW HITPOINT WARNING * * *
You focus on the pain.
You feel your power returning.
A ball python comes into view.
The ball python hisses angrily.
You hit the orc.
You feel a bit better.
You kill the orc!
You howl as the wereblood boils in your veins!
The orc priest calls down the wrath of Beogh upon you.
Beogh smites you!
You die...

..# #.S #.#
#.# ### . #.#
#.. .. #.# #.#
... #o# #.# ..
#@####.##<#...
#.o...........
######>##.#...
#.......#
##.......
#.########


You could see 2 orc priests and a ball python.

Vanquished Creatures
  A necrophage (D:5)
  Jessica (D:2)
  3 adders (D:2)
  A worm (D:2)
  2 dart slugs
  3 orcs
  5 ball pythons
  7 bats
  2 endoplasms (D:1)
  6 giant cockroaches
  4 goblins
  2 hobgoblins
  4 jackals (D:1)
  3 quokkas
  3 frilled lizards
  7 kobolds
  12 rats
66 creatures vanquished.

Vanquished Creatures (others)
  A goblin (D:2)
  5 withered plants (D:2)
6 creatures vanquished.

Grand Total: 72 creatures vanquished

Notes
Turn   | Place    | Note
-------+----------+-------------------------------------------
     0 | D:1      | xian the Demonspawn Transmuter began the quest for the Orb.
     0 | D:1      | Reached XP level 1. HP: 15/15 MP: 3/3
   281 | D:1      | Gained mutation: You sometimes gain a little power by
                  | taking damage. [demonic ancestry]
   281 | D:1      | Reached XP level 2. HP: 11/21 MP: 3/5
   305 | D:1      | Learned a level 2 spell: Wereblood
   811 | D:1      | Gained mutation: You are partially covered in large bone
                  | plates. (SH +4) [demonic ancestry]
   811 | D:1      | Reached XP level 3. HP: 26/26 MP: 4/6
  1522 | D:2      | Reached XP level 4. HP: 23/32 MP: 4/7
  1653 | D:2      | Found a faded altar of an unknown god.
  1666 | D:2      | Noticed Jessica
  1685 | D:2      | Killed Jessica
  2024 | D:3      | You fall into a shaft and drop 2 floors!
  2024 | D:5      | Entered Level 5 of the Dungeon
  2081 | D:5      | Noticed a necrophage
  2100 | D:5      | Killed a necrophage
  2101 | D:5      | Reached XP level 5. HP: 30/37 MP: 9/9
  2202 | D:4      | Killed from afar by an orc priest

Illustrated notes

Levels and vault maps discovered:
D:1:      dpeg_arrival_subterranean_lakeside_camping, layout_basic
D:2:      layout_rooms, serial_curves, eino_curves_04, eino_curves_04,
          ebering_ecumenical_altar_petrified, uniq_jessica
D:3:      layout_basic
D:4:      layout_loops_ring, general_overflow_altar, uniq_grinder
D:5:      layout_cave_pools, nicolae_wu_jian_immortal_techniques,
          grunt_ministairs_12, palyth_stone_intersect, uniq_duvessa

Skill      XL: |  1  2  3  4 |
---------------+-------------+-----
Unarmed Combat | 3 |  3.8
Dodging        | 2 |  2.4
Transmutations | 2 3 |  3.0
Fighting       | |  1.1
Stealth        | |  0.9
Shields        | |  0.4
Spellcasting   | |  2.9

Action                   |  1- 3 |  4- 6 || total
-------------------------+-------+-------++-------
Melee: Unarmed           |   116 |    52 ||   168
       Headbutt          |    18 |    10 ||    28
       Kick              |    22 |     9 ||    31
       Punch             |     1 |     1 ||     2
 Cast: Beastly Appendage |    29 |    11 ||    40
       Wereblood         |     2 |     5 ||     7
 Stab: Sleeping          |       |     1 ||     1
Armor: Robe              |    53 |    19 ||    72
Dodge: Dodged            |    94 |    25 ||   119
Block: Other             |    12 |     9 ||    21
